Map: Ruins of Endion

Players

Rodzyn

  • Race: Protoss Protoss
  • League: Grandmaster

Miszu - Winner!

  • Race: Terran Terran
  • League: Grandmaster

VOD

Have the link to the VOD?

Description

Time

  • Played on: June 3, 2016, 12:48 p.m.
  • Length: 8:48
Show
View Real Time Build Order
Export as new Build Order

Rodzyn Protoss 

Build Orders: 1 Gate Expand, Blink Stalkers 

Get SALT Encoding   

  12  0:01  Probe (Chrono Boost)  
  13  0:11  Probe (Chrono Boost)  
  14  0:17  Pylon  
  14  0:22  Probe (Chrono Boost)  
  15  0:35  Probe (Chrono Boost)  
  16  0:37  Gateway  
  16  0:46  Probe (Chrono Boost)  
  16  0:48  Assimilator  
  17  0:56  Probe (Chrono Boost)  
  18  1:07  Probe (Chrono Boost)  
  19  1:21  Nexus  
  19  1:32  Cybernetics Core  
  19  1:35  Probe (Chrono Boost)  
  20  1:42  Assimilator  
  20  1:46  Probe (Chrono Boost)  
  21  1:51  Pylon  
  21  1:56  Probe (Chrono Boost)  
  22  2:07  Probe (Chrono Boost)  
  23  2:09  Stalker (Chrono Boost)  
  23  2:10  Warp Gate  
  25  2:19  Probe  
  26  2:29  Twilight Council  
  26  2:31  Probe  
  26  2:43  Probe (Chrono Boost)  
  27  2:45  Probe (Chrono Boost)  
  28  2:54  Probe (Chrono Boost)  
  28  2:56  Mothership Core (Chrono Boost)  
  31  3:04  Probe (Chrono Boost)  
  32  3:09  Blink (Chrono Boost)  
  32  3:13  Probe (Chrono Boost)  
  32  3:15  Probe  
  34  3:23  Probe  
  35  3:27  Probe  
  35  3:34  Probe  
  36  3:35  Robotics Facility  
  36  3:39  Gateway x2  
  36  3:41  Probe  
  38  3:44  Probe  
  38  3:48  Pylon  
  39  3:53  Probe  
  39  3:55  Probe  
  41  4:05  Probe  
  41  4:09  Nexus, Probe  
  43  4:17  Probe, Assimilator  
  43  4:21  Probe  
  43  4:22  Stalker  
  43  4:24  Observer (Chrono Boost)  
  48  4:30  Pylon, Probe  
  49  4:34  Pylon, Probe  
  47  4:56  Stalker x2  
  47  4:57  Stalker  
  53  5:01  Pylon  
  53  5:04  Observer (Chrono Boost), Probe  
  55  5:15  Probe  
  55  5:16  Assimilator  
  55  5:18  Probe  
  57  5:25  Observer (Chrono Boost), Stalker x3  
  57  5:26  Resonating Glaives  
  57  5:27  Probe  
  57  5:28  Probe  
  65  5:30  Probe  
  67  5:37  Pylon  
  67  5:40  Probe  
  68  5:44  Probe  
  69  5:51  Adept x3  
  69  5:53  Probe  
  69  5:56  Probe  
  75  5:57  Probe  
  77  6:05  Immortal (Chrono Boost)  
  77  6:07  Probe x2  
  77  6:10  Probe  
  84  6:18  Probe  
  84  6:19  Probe  
  84  6:22  Pylon, Probe  
  87  6:28  Gateway  
  87  6:29  Gateway, Probe  
  87  6:31  Gateway  
  88  6:39  Immortal (Chrono Boost)  
  91  6:40  Probe  
  91  6:41  Assimilator  
  91  6:44  Assimilator  
  92  6:53  Pylon  
  92  6:54  Adept, Sentry  
  92  6:55  Sentry  
  98  7:02  Pylon  
  98  7:04  Pylon  
  98  7:13  Immortal (Chrono Boost)  
  102  7:16  Templar Archives, Gateway  
  102  7:17  Gateway  
  102  7:22  Adept x4  
  108  7:24  Probe  
  109  7:39  Stalker x2  
  109  7:44  Adept x4  
  115  7:50  Immortal (Chrono Boost)  
  125  7:53  Pylon  
  124  8:11  Pylon  
  124  8:12  Pylon x2  
  122  8:24  Pylon  
  122  8:26  Pylon  
  122  8:31  High Templar  
  122  8:32  High Templar  
Show
View Real Time Build Order
Export as new Build Order

Miszu Terran - Winner!

Build Orders: Liberator Opening, Reaper Expand, MMM Bio 

Get SALT Encoding   

  12  0:00  SCV  
  13  0:12  SCV  
  14  0:17  Supply Depot  
  14  0:25  SCV  
  15  0:39  SCV  
  15  0:40  Barracks  
  16  0:43  Refinery  
  16  0:51  SCV  
  17  1:03  SCV  
  18  1:15  SCV  
  19  1:27  Orbital Command  
  19  1:28  Reaper  
  20  1:41  Command Center  
  20  1:49  Supply Depot  
  20  1:53  SCV  
  21  2:00  Barracks Reactor  
  21  2:05  SCV  
  21  2:07  Refinery  
  22  2:18  SCV  
  22  2:19  Factory  
  23  2:39  Marine x2  
  25  2:45  SCV  
  25  2:54  Orbital Command  
  25  2:56  Marine  
  25  2:57  Marine  
  25  2:58  SCV  
  28  3:03  Starport  
  28  3:04  Factory Tech Lab  
  28  3:10  SCV  
  29  3:14  Marine x2  
  29  3:19  SCV  
  32  3:22  SCV  
  32  3:24  Widow Mine  
  35  3:30  Supply Depot  
  35  3:31  SCV  
  35  3:33  Marine x2  
  38  3:34  SCV  
  38  3:39  Medivac  
  41  3:43  SCV  
  41  3:46  Engineering Bay  
  41  3:47  SCV  
  43  3:51  Barracks  
  43  3:54  Widow Mine  
  45  3:55  SCV  
  45  3:57  Liberator  
  45  3:58  Supply Depot  
  45  3:59  SCV  
  47  4:08  SCV  
  48  4:11  SCV  
  52  4:19  Marine  
  52  4:20  Marine, SCV  
  52  4:23  Siege Tank  
  58  4:27  Barracks  
  58  4:30  Terran Infantry Weapons Level 1, SCV  
  59  4:33  Refinery, SCV  
  60  4:39  Barracks Tech Lab  
  60  4:45  SCV  
  60  4:46  SCV  
  62  5:00  Stimpack  
  62  5:06  Starport Reactor  
  62  5:09  Marauder  
  62  5:11  Marine, SCV  
  62  5:12  Barracks x2  
  62  5:13  Supply Depot  
  62  5:14  Marine, SCV  
  64  5:21  Barracks Tech Lab  
  64  5:23  Siege Tank, SCV  
  64  5:26  SCV  
  69  5:29  Marine  
  69  5:35  Marine x2  
  71  5:37  SCV  
  71  5:38  SCV  
  71  5:40  Marine  
  75  5:47  Marine  
  75  5:49  SCV  
  77  5:50  SCV  
  77  5:55  Marine  
  73  5:59  Marauder  
  73  6:00  Barracks Reactor, Supply Depot  
  73  6:01  Barracks Tech Lab  
  78  6:08  Medivac, SCV  
  78  6:15  Supply Depot, Marine x3, Siege Tank, SCV  
  78  6:16  Refinery  
  85  6:20  SCV, Combat Shields  
  86  6:33  Marine x3  
  86  6:35  Medivac  
  86  6:37  Marine x4  
  95  6:40  Medivac  
  95  6:42  Supply Depot  
  95  6:44  Supply Depot  
  97  6:50  Marine  
  97  6:51  Marine  
  97  6:53  Siege Tank  
  102  7:03  Marauder  
  102  7:04  Marine x4  
  102  7:06  Supply Depot  
  108  7:08  Marine  
  108  7:09  Supply Depot  
  108  7:11  Marine  
  110  7:20  Concussive Shells  
  110  7:22  Marine  
  111  7:24  Liberator  
  111  7:25  Siege Tank, Marauder  
  111  7:27  Marauder  
  116  7:37  Marauder  
  116  7:42  Marine  
  122  7:45  Supply Depot  
  122  7:47  Supply Depot  
  122  8:02  Marauder  
  122  8:03  Marauder  
  126  8:13  Marine  
  126  8:14  Marine x4, Hellion  
  136  8:20  Supply Depot  
  136  8:22  Supply Depot  
  136  8:23  Marine  
  136  8:24  Marine  
Tags
 
Add a new tag
Caveats
  • Supply blocks, unpowered buildings, or Contaminate may cause inaccurate times.
  • Supply counts are checked every 10 seconds.